Map: Cerulean Fall LE

Players

Jason

  • Race: Terran Terran
  • League: Grandmaster
  • Spawn Location: 7:00

PiG - Winner!

  • Race: Zerg Zerg
  • League: Grandmaster
  • Spawn Location: 1:00

VOD

Have the link to the VOD?

Description

Time

  • Played on: Jan. 11, 2019, 8:20 p.m.
  • Length: 9:16
Show
View Real Time Build Order
Export as new Build Order

Jason Terran 

Build Orders: Liberator Opening, Reaper Expand 

Get SALT Encoding   

  12  0:01  SCV  
  13  0:14  SCV  
  13  0:19  Supply Depot  
  14  0:26  SCV  
  15  0:40  SCV  
  16  0:44  Barracks  
  16  0:48  Refinery  
  16  0:53  SCV  
  17  1:05  SCV  
  18  1:17  SCV  
  19  1:32  Orbital Command  
  19  1:33  Reaper  
  20  1:45  Command Center  
  20  1:58  SCV  
  20  1:59  Supply Depot  
  21  2:05  Marine  
  22  2:10  SCV  
  22  2:13  Factory  
  23  2:19  Refinery  
  23  2:22  SCV  
  24  2:26  Barracks Reactor  
  24  2:40  SCV  
  25  2:52  SCV  
  26  3:04  Starport  
  26  3:07  Orbital Command  
  26  3:08  Hellion x2  
  30  3:18  Barracks Tech Lab  
  30  3:20  SCV  
  30  3:24  Supply Depot  
  31  3:31  Hellion x2  
  31  3:33  SCV x2  
  37  3:36  Marine  
  38  3:46  Liberator  
  40  3:49  SCV  
  40  3:53  Supply Depot  
  41  3:59  Marauder  
  41  4:01  SCV  
  40  4:09  Orbital Command  
  37  4:13  Hellion x2  
  37  4:15  SCV  
  42  4:21  Marauder  
  43  4:27  SCV  
  44  4:34  Hellion  
  44  4:36  Hellion  
  44  4:37  SCV  
  47  4:39  SCV  
  48  4:49  Supply Depot, SCV  
  48  4:52  SCV  
  50  4:53  Marine  
  51  5:01  SCV  
  51  5:04  Supply Depot, SCV  
  51  5:13  SCV  
  50  5:15  Stimpack  
  50  5:16  SCV  
  51  5:21  Command Center  
  51  5:25  SCV  
  52  5:34  SCV  
  48  5:37  Starport Reactor, Factory Tech Lab, SCV  
  48  5:40  Supply Depot  
  47  5:46  SCV  
  47  5:47  Barracks x2, Marine  
  50  5:50  SCV  
  50  5:58  SCV  
  50  6:00  Engineering Bay x2  
  50  6:02  Siege Tank, SCV  
  55  6:05  Refinery  
  55  6:07  Refinery  
  55  6:10  SCV  
  56  6:14  SCV  
  57  6:22  Marine, SCV  
  59  6:26  SCV  
  59  6:29  Starport Reactor, Missile Turret  
  59  6:31  Missile Turret  
  60  6:34  Marine x2, Widow Mine, SCV  
  60  6:35  Missile Turret  
  60  6:38  SCV  
  58  6:47  Marine  
  58  6:52  Marine x2  
  58  6:58  SCV  
  58  6:59  Marine x2  
  58  7:00  Orbital Command  
  58  7:01  SCV  
  58  7:02  Supply Depot  
  58  7:05  Marine  
  54  7:10  Marine x2  
  51  7:17  Marine, Missile Turret  
  51  7:20  SCV  
  51  7:21  SCV  
  48  7:24  Missile Turret  
  48  7:27  Marine x2  
  48  7:29  SCV  
  51  7:32  SCV  
  52  7:40  Medivac x2  
  52  7:41  Widow Mine  
  52  7:44  SCV x2  
  59  7:48  Marine  
  59  7:49  Marine x2  
  62  7:51  SCV  
  62  8:02  Marine, SCV x2  
  62  8:03  Marine  
  65  8:07  Marine, SCV  
  67  8:14  SCV  
  64  8:20  Marine x3  
  64  8:21  Marauder  
  64  8:26  Supply Depot, SCV x2  
  71  8:28  Supply Depot, Marine  
  71  8:31  Medivac  
  74  8:35  Medivac  
  74  8:38  SCV x2  
  74  8:40  Marine  
  76  8:45  Marine  
  76  8:46  Marine x2  
  79  8:49  Marine  
  79  8:50  SCV x2  
  82  8:58  Marine  
  82  9:02  SCV  
Show
View Real Time Build Order
Export as new Build Order

PiG Zerg - Winner!

Build Orders: Hatch First 

Get SALT Encoding   

  12  0:02  Drone  
  13  0:12  Overlord  
  13  0:18  Drone  
  14  0:32  Drone x2  
  16  0:36  Drone  
  17  0:52  Hatchery  
  17  0:56  Drone  
  17  0:58  Drone  
  18  1:10  Extractor  
  17  1:14  Spawning Pool  
  17  1:17  Drone  
  17  1:20  Drone  
  18  1:28  Drone  
  19  1:39  Overlord  
  19  1:56  Drone  
  20  2:01  Queen, Roach Warren  
  20  2:04  Queen  
  20  2:08  Zergling x2  
  24  2:10  Zergling x2  
  25  2:20  Overlord  
  25  2:43  Roach x5  
  35  2:55  Roach  
  35  2:57  Overlord  
  37  2:59  Drone  
  37  3:22  Lair, Drone x5  
  42  3:31  Overlord  
  43  3:34  Extractor, Drone  
  42  3:47  Drone x2  
  44  3:49  Drone  
  45  4:03  Drone  
  46  4:15  Drone x6  
  52  4:17  Queen  
  52  4:19  Extractor  
  52  4:20  Extractor  
  52  4:21  Spire  
  51  4:27  Overlord  
  49  4:42  Drone x5  
  54  4:52  Hatchery  
  54  4:53  Drone  
  54  5:03  Drone  
  54  5:04  Drone x2  
  57  5:17  Overlord  
  57  5:18  Overlord x2  
  54  5:33  Drone x3  
  56  5:36  Drone  
  56  5:39  Mutalisk x3  
  63  5:48  Mutalisk x2  
  67  5:51  Mutalisk  
  67  5:54  Mutalisk  
  71  6:01  Drone x2  
  71  6:02  Evolution Chamber  
  72  6:04  Drone  
  72  6:10  Spore Crawler  
  72  6:32  Glial Reconstitution  
  72  6:33  Zerg Missile Weapons Level 1  
  72  6:36  Drone x2  
  74  6:57  Drone  
  73  7:04  Drone x6  
  73  7:06  Extractor  
  78  7:14  Overlord  
  78  7:15  Overlord  
  76  7:29  Drone x3  
  79  7:30  Drone x4  
  79  7:31  Overlord x3  
  79  7:34  Roach x3  
  89  7:50  Roach x7  
  103  7:55  Roach  
  105  8:03  Overlord x3  
  105  8:13  Roach x7  
  121  8:20  Roach  
  121  8:26  Overlord x2  
  119  8:35  Ravager x4  
  119  8:36  Ravager x3  
  119  8:37  Roach x6  
  119  8:40  Roach x4  
  146  8:48  Extractor  
  145  8:57  Hatchery  
Tags
 
Add a new tag
Caveats
  • Supply blocks, unpowered buildings, or Contaminate may cause inaccurate times.
  • Supply counts are checked every 10 seconds.